 Dungeon Crawl Stone Soup version 0.29-a0-284-gf9362112df (webtiles) character file.

Game seed: 878621135861372342

213 epen the Bolt Thrower (level 6, -3/38 HPs)
             Began as a Kobold Hunter on Mar 14, 2022.
             Was an Initiate of Dithmenos.
             Slain by Edmund
             ... wielding a +4 vorpal flail
              (6 damage)
             ... on level 4 of the Dungeon.
             The game lasted 00:03:01 (4880 turns).

epen the Bolt Thrower (Kobold Hunter)               Turns: 4880, Time: 00:03:01

Health: -3/38      AC:  4    Str:  8    XL:     6   Next: 14%
Magic:  6/6        EV: 16    Int: 10    God:    Dithmenos [......]
Gold:   245        SH:  0    Dex: 21    Spells: 5/5 levels left

rFire   . . .      SeeInvis .   a - +1 hand crossbow
rCold   . . .      Faith    .   (no shield)
rNeg    . . .      Spirit   .   b - +0 leather armour
rPois   .          Reflect  .   (no helmet)
rElec   .          Harm     .   o - +0 cloak
rCorr   .          Rampage  .   (no gloves)
Will    .....                   (no boots)
Stlth   ++++......              d - amulet of magic regeneration
HPRegen 0.12/turn               (no ring)
MPRegen 0.50/turn               (no ring)

@: about to teleport
A: small, no large weapons, nightstalker 3
a: Renounce Religion


You were on level 4 of the Dungeon.
You worshipped Dithmenos.
Dithmenos was noncommittal.
You visited 2 branches of the dungeon, and saw 5 of its levels.

You collected 245 gold pieces.

Inventory:

Hand Weapons
 a - a +1 hand crossbow (weapon)
Missiles
 g - a throwing net
Armour
 b - a +0 leather armour (worn)
 o - a +0 cloak (worn)
Jewellery
 d - an amulet of magic regeneration (around neck)
 p - a ring of resist corrosion
Wands
 r - a wand of digging (6)
Scrolls
 c - 2 scrolls of immolation
 e - a scroll of teleportation
 f - 2 scrolls of holy word {unknown}
 h - a scroll of fog {unknown}
 j - 2 scrolls of brand weapon {unknown}
 k - a scroll of enchant weapon {unknown}
 l - 2 scrolls of magic mapping {unknown}
 n - a scroll of fear {unknown}
 s - a scroll of identify {unknown}
Potions
 i - a potion of lignification {unknown}
 m - a potion of might {unknown}
 q - 2 potions of heal wounds {unknown}


   Skills:
 + Level 3.6 Fighting
 + Level 6.5 Crossbows
 + Level 4.1 Dodging
 + Level 4.0 Stealth
 + Level 0.2 Invocations


You had 5 spell levels left.
You didn't know any spells.
Your spell library contained the following spells:

 Spells                   Type           Power      Damage    Failure   Level
 Animate Skeleton         Necr           0%         N/A       50%         1
 Apportation              Tloc           0%         N/A       50%         1
 Magic Dart               Conj           0%         1d3       50%         1
 Shock                    Conj/Air       0%         1d3       50%         1
 Summon Small Mammal      Summ           0%         N/A       50%         1
 Ensorcelled Hibernation  Hex/Ice        0%         N/A       63%         2
 Searing Ray              Conj           0%         2d4       63%         2
 Call Canine Familiar     Summ           0%         N/A       86%         3
 Spider Form              Tmut/Pois      0%         N/A       86%         3
 Summon Guardian Golem    Hex/Summ       0%         N/A       86%         3
 Swiftness                Air            0%         N/A       86%         3
 Airstrike                Air            0%         N/A       99%         4
 Anguish                  Hex/Necr       0%         N/A       99%         4
 Fulminant Prism          Conj/Hex       0%         3d6       99%         4


Dungeon Overview and Level Annotations

Branches:
Dungeon (4/15)             Temple (1/1) D:4

Altars:
Cheibriados
Dithmenos
Elyvilon
Fedhas
Gozag
Hepliaklqana
Kikubaaqudgha
Makhleb
Okawaru
Qazlal
Ru
Sif Muna
Trog
Vehumet
Wu Jian
Xom
Yredelemnul
The Shining One

Annotations:
D:4 Edmund


Innate Abilities, Weirdness & Mutations

You are small and have problems with some larger weapons.
You are completely attuned to the shadows.


Message History

Found a quarterstaff.
Found a stone staircase leading down.
Found a stone staircase leading down.
You see here a +0 quarterstaff.
Found a stone staircase leading up.
You now have 245 gold pieces (gained 12).
You see here a +0 leather armour.
Edmund the Younger comes into view.
He is wielding a +4 vorpal flail.
Edmund is nearby!
You shoot a bolt. The bolt hits Edmund!
Edmund shouts!
Edmund is moderately wounded.
You shoot a bolt. The bolt hits Edmund.
Edmund is moderately wounded.
Edmund hits you with a +4 vorpal flail!
You shoot a bolt. The bolt closely misses Edmund.
Edmund hits you with a +4 vorpal flail.
You shoot a bolt. The bolt hits Edmund.
Edmund is moderately wounded.
Edmund hits you with a +4 vorpal flail. Edmund hits you with a +4 vorpal flail!
* * * LOW HITPOINT WARNING * * *
x2 You are too injured to fight recklessly!
You are too injured to fight recklessly!
You are too injured to fight recklessly!
You are too injured to fight recklessly!
You are too injured to fight recklessly!
You are too injured to fight recklessly!
You are too injured to fight recklessly!
You are too injured to fight recklessly!
You are too injured to fight recklessly!
You are too injured to fight recklessly!
You are too injured to fight recklessly!
You are too injured to fight recklessly!
You are too injured to fight recklessly!
You are too injured to fight recklessly!
You are too injured to fight recklessly!
As you read the scroll labelled PEHIRU WETIEG, it crumbles to dust.
You feel strangely unstable.
It was a scroll of teleportation.
Edmund hits you with a +4 vorpal flail.
You die...

##.####.......#
#..# ##.#.#.#
##.# #...#.#
###.## #...#.#
.##..####.>##..
.# .###.[.#...#
#.# .#
.#####...#.#
#..#.# ..#
#.....# #...##
#.#####.##.#
#.@@.#
#...†......#
##.#.#
##.........## #.#
# #..........#
#.#
#........#.####.#
#........#....#.#
#........####.#.#
#........# #...#
########## ##..#


You could see Edmund.

Vanquished Creatures
  Ijyb (D:4)
  An iguana (D:4)
  5 adders
  3 gnolls (D:2)
  An ufetubus (D:3)
  A worm (D:2)
  3 dart slugs
  3 orcs (D:3)
  4 bats
  3 endoplasms
  7 giant cockroaches
  5 goblins
  7 hobgoblins
  6 kobolds
  5 quokkas
  8 ball pythons
  5 frilled lizards
  3 rats
71 creatures vanquished.

Notes
Turn   | Place    | Note
-------+----------+-------------------------------------------
     0 | D:1      | epen the Kobold Hunter began the quest for the Orb.
     0 | D:1      | Reached XP level 1. HP: 12/12 MP: 1/1
   252 | D:1      | Reached XP level 2. HP: 18/18 MP: 2/2
   953 | D:1      | Reached XP level 3. HP: 22/22 MP: 3/3
  1146 | D:2      | Reached XP level 4. HP: 14/27 MP: 4/4
  1493 | D:2      | Found a shimmering altar of Xom.
  2220 | D:2      | Reached skill level 6 in Crossbows
  2664 | D:3      | Found a blossoming altar of Fedhas.
  2679 | D:3      | Reached XP level 5. HP: 17/32 MP: 5/5
  3536 | D:3      | Found a faded altar of an unknown god.
  4070 | D:4      | Found a staircase to the Ecumenical Temple.
  4077 | D:4      | Noticed Ijyb
  4089 | D:4      | Killed Ijyb
  4093 | D:4      | Reached XP level 6. HP: 9/37 MP: 6/6
  4099 | Temple   | Entered the Ecumenical Temple
  4551 | Temple   | Became a worshipper of Dithmenos the Shadowed
  4875 | D:4      | Noticed Edmund
  4880 | D:4      | Slain by Edmund

Illustrated notes

Levels and vault maps discovered:
D:1:      dpeg_arrival_castle, layout_basic, minmay_pentomino_v2
D:2:      layout_basic, serial_corexii_hall, chequers_hall_statues_wall_a,
          corexii_hall_statues_x, corexii_hall_statues_x,
          corexii_hall_statues_t, basic_altar, grunt_decor_clamped
D:3:      layout_loops_ring, fedhas_altar_2, ebering_ecumenical_altar_ruins
D:4:      layout_rooms, minmay_temple_entry_antechambers, uniq_edmund, uniq_ijyb
Temple:   bh_familiar_temple

Skill      XL: |  1  2  3  4  5  6 |
---------------+-------------------+-----
Stealth        | 2 3 4 |  4.0
Dodging        | 3 4 |  4.1
Fighting       | 3 |  3.6
Crossbows      | 6 |  6.5
Invocations    | |  0.2

Action                   |  1- 3 |  4- 6 || total
-------------------------+-------+-------++-------
 Fire: Hand crossbow     |    53 |   140 ||   193
  Use: Scroll            |       |     1 ||     1
Armor: Leather armour    |     5 |     3 ||     8
Dodge: Dodged            |    19 |    41 ||    60

Table legend: (Time is in decaauts)
 A = Elapsed time spent in this place.
 B = Non-inter-level travel time spent in this place.
 C = Inter-level travel time spent in this place.
 D = Time resting spent in this place.
 E = Time spent auto-exploring this place.
 F = Levels seen in this place.
 G = Mean time per level.
                   A        B        C        D        E       F      G
               +--------+--------+--------+--------+--------+-----+--------+
         Total |   4934 |   4784 |    150 |    134 |   4220 |   5 |  986.8 |
       Dungeon |   4450 |   4349 |    101 |    134 |   3791 |   4 | 1112.5 |
        Temple |    483 |    434 |     49 |      0 |    429 |   1 |  483.0 |
               +--------+--------+--------+--------+--------+-----+--------+

Top non-repeatable levels by time:
     D:2: 1458 daAuts
     D:1: 1142 daAuts
     D:3: 1141 daAuts
     D:4: 707 daAuts
  Temple: 483 daAuts
